Map: [ESL] Ancient Cistern

Players

Harstem

  • Race: Protoss Protoss
  • League: Master
  • Spawn Location: 7:00

BabyMarine - Winner!

  • Race: Terran Terran
  • Spawn Location: 1:00

Event: HomeStory Cup XXIII

VOD

Have the link to the VOD?

Description

Time

  • Played on: June 30, 2023, 10:19 a.m.
  • Length: 19:38

All games in this series

Show
View Real Time Build Order
Export as new Build Order

Harstem Protoss 

Build Orders: 1 Gate Expand, Phoenix Opening, Colossus Rush 

Get SALT Encoding   

  12  0:00  Probe  
  13  0:12  Probe  
  14  0:17  Pylon  
  14  0:24  Probe (Chrono Boost)  
  15  0:36  Probe (Chrono Boost), Gateway  
  16  0:45  Probe (Chrono Boost)  
  16  0:46  Assimilator  
  17  0:51  Probe  
  18  1:03  Probe  
  19  1:15  Probe  
  20  1:23  Cybernetics Core  
  20  1:33  Nexus  
  20  1:39  Pylon  
  20  1:42  Probe  
  21  1:51  Assimilator  
  21  1:54  Probe  
  22  1:56  Adept (Chrono Boost)  
  24  2:06  Probe  
  25  2:17  Adept (Chrono Boost)  
  25  2:18  Probe  
  28  2:28  Stargate  
  28  2:30  Probe  
  28  2:35  Warp Gate  
  29  2:38  Shield Battery  
  29  2:42  Probe  
  30  2:46  Probe  
  31  2:54  Probe  
  35  2:58  Probe  
  35  3:06  Probe  
  35  3:10  Probe  
  35  3:11  Phoenix (Chrono Boost)  
  35  3:18  Probe  
  38  3:22  Probe (Chrono Boost), Robotics Facility  
  39  3:27  Phoenix  
  39  3:31  Pylon  
  39  3:32  Assimilator  
  42  3:34  Probe (Chrono Boost)  
  42  3:35  Probe (Chrono Boost)  
  43  3:41  Assimilator  
  43  3:43  Probe (Chrono Boost)  
  43  3:45  Probe (Chrono Boost)  
  45  3:51  Pylon  
  45  3:55  Probe x2 (Chrono Boost)  
  47  4:01  Probe (Chrono Boost), Pylon  
  51  4:06  Immortal (Chrono Boost)  
  53  4:11  Gateway  
  53  4:12  Probe  
  53  4:13  Probe  
  54  4:19  Robotics Bay  
  54  4:24  Probe, Sentry  
  57  4:32  Shield Battery  
  57  4:38  Immortal  
  60  4:45  Pylon  
  60  4:47  Probe  
  60  4:50  Phoenix  
  63  4:53  Stalker  
  61  5:03  Probe  
  61  5:04  Pylon  
  62  5:07  Zealot  
  62  5:15  Phoenix  
  64  5:23  Probe  
  64  5:26  Zealot  
  70  5:32  Colossus (Chrono Boost)  
  73  5:37  Probe  
  73  5:38  Probe  
  73  5:40  Phoenix  
  78  5:50  Probe  
  78  5:53  Probe  
  78  5:54  Nexus  
  78  5:55  Pylon  
  77  6:02  Probe  
  77  6:03  Extended Thermal Lance  
  78  6:05  Probe  
  78  6:06  Pylon  
  78  6:11  Phoenix  
  81  6:14  Probe  
  81  6:17  Probe  
  83  6:21  Colossus (Chrono Boost)  
  89  6:26  Probe  
  89  6:29  Probe  
  91  6:35  Zealot, Sentry  
  91  6:37  Phoenix  
  91  6:38  Probe  
  98  6:42  Probe  
  98  6:43  Pylon  
  99  6:50  Probe  
  99  6:53  Shield Battery  
  100  6:54  Probe  
  100  6:58  Pylon  
  100  6:59  Pylon  
  101  7:14  Zealot x2  
  101  7:15  Colossus (Chrono Boost)  
  99  7:16  Phoenix  
  99  7:17  Probe  
  99  7:20  Probe x2  
  99  7:22  Forge  
  104  7:24  Twilight Council  
  104  7:29  Shield Battery  
  104  7:33  Probe  
  104  7:34  Probe  
  102  7:38  Gateway  
  102  7:40  Gateway  
  102  7:47  Zealot x2  
  102  7:50  Probe x2  
  106  7:51  Probe  
  106  7:54  Pylon  
  107  8:01  Warp Prism (Chrono Boost)  
  99  8:10  Zealot x2  
  101  8:13  Assimilator, Protoss Ground Weapons Level 1 (Chrono Boost)  
  101  8:15  Charge (Chrono Boost)  
  101  8:16  Phoenix (Chrono Boost)  
  101  8:17  Assimilator  
  104  8:20  Photon Cannon  
  104  8:21  Templar Archives  
  104  8:23  Gateway  
  104  8:25  Gateway  
  103  8:27  Gateway  
  103  8:29  Gateway  
  103  8:31  Zealot, Sentry  
  103  8:32  Probe  
  108  8:38  Pylon  
  108  8:46  Pylon, Zealot x2  
  110  8:48  Phoenix (Chrono Boost)  
  110  8:50  Probe  
  113  8:57  Zealot  
  113  8:58  Immortal (Chrono Boost), Zealot  
  113  9:02  Probe  
  122  9:03  Pylon  
  122  9:08  Gateway  
  122  9:09  High Templar x2  
  126  9:12  Pylon, Gateway  
  126  9:14  Archon  
  125  9:22  High Templar x2  
  125  9:23  Zealot x3  
  125  9:24  Observer  
  135  9:26  Forge  
  136  9:32  Archon  
  136  9:33  Zealot  
  136  9:37  Probe  
  137  9:42  Probe  
  138  9:45  Zealot  
  138  9:51  Warp Prism  
  138  9:52  High Templar x4  
  144  9:53  Probe  
  144  9:58  Archon  
  139  10:02  Archon  
  139  10:05  Protoss Ground Weapons Level 2 (Chrono Boost)  
  139  10:07  Protoss Ground Armor Level 1  
  139  10:10  Nexus, Zealot x2  
  139  10:12  Probe  
  142  10:16  Pylon  
  142  10:22  Zealot x2  
  142  10:23  Disruptor (Chrono Boost), Zealot x2  
  153  10:37  High Templar x2, Zealot x4  
  150  10:50  Zealot x4  
  150  10:52  Archon  
  150  10:56  Shield Battery  
  150  10:57  Photon Cannon  
  158  10:59  Zealot x2  
  158  11:00  Disruptor (Chrono Boost)  
  165  11:06  Probe  
  165  11:10  Gravitic Drive (Chrono Boost)  
  166  11:11  Zealot  
  168  11:25  Stalker x4  
  170  11:33  Zealot x4  
  144  11:49  Zealot x6  
  144  11:54  Observer  
  136  12:01  Nexus  
  134  12:10  Zealot x4  
  132  12:18  High Templar x3, Pylon  
  132  12:19  High Templar x2  
  132  12:20  High Templar  
  132  12:22  Protoss Ground Armor Level 2 (Chrono Boost)  
  144  12:24  Archon x3  
  144  12:28  Protoss Ground Weapons Level 3 (Chrono Boost)  
  128  12:45  Zealot x4  
  114  12:56  Disruptor (Chrono Boost), Zealot x4  
  108  13:04  Zealot x2  
  115  13:10  High Templar x2  
  115  13:11  High Templar x2  
  117  13:15  Archon x2  
  117  13:16  Zealot x2  
  121  13:22  Colossus (Chrono Boost)  
  125  13:30  Stalker x2  
  127  13:38  Zealot x4  
  135  13:48  Probe  
  136  13:50  Robotics Facility, Shield Battery  
  136  13:57  Stalker  
  136  13:58  Stalker  
  139  14:03  Zealot x6  
  139  14:04  Observer (Chrono Boost)  
  151  14:13  Colossus (Chrono Boost)  
  155  14:20  Zealot x2  
  159  14:31  Zealot x7  
  157  14:33  Zealot  
  149  14:46  Zealot x2  
  147  14:54  Colossus (Chrono Boost)  
  147  14:55  Zealot x5  
  149  15:04  Zealot x2  
  149  15:05  Zealot  
  149  15:06  Blink (Chrono Boost)  
  152  15:16  Colossus (Chrono Boost)  
  152  15:20  Protoss Ground Armor Level 3  
  158  15:32  High Templar x4  
  158  15:33  Sentry  
  166  15:38  Archon x2  
  166  15:41  Zealot x3  
  162  15:44  Observer  
  162  15:54  Pylon, Zealot x2  
  146  16:02  High Templar  
  146  16:03  High Templar, Zealot x2  
  160  16:10  Archon, Colossus (Chrono Boost)  
  160  16:11  Disruptor (Chrono Boost)  
  160  16:16  Nexus  
  160  16:17  Zealot x3  
  166  16:18  Photon Cannon  
  166  16:25  Stalker x2  
  170  16:30  Shield Battery  
  170  16:38  Zealot x4  
  164  16:41  Stalker  
  148  16:47  Disruptor (Chrono Boost)  
  148  16:49  Stalker x2  
  146  16:58  Zealot x4  
  146  16:59  Zealot  
  136  17:04  Zealot x2  
  140  17:14  Probe x3, Stalker  
  140  17:15  High Templar x2  
  149  17:18  Pylon, Shield Battery  
  149  17:19  Disruptor (Chrono Boost)  
  149  17:20  Archon  
  152  17:26  Probe  
  140  17:37  Stalker x4  
  123  17:44  Zealot x3  
  104  17:51  Zealot x3  
  110  18:02  Disruptor (Chrono Boost)  
  103  18:09  Zealot x3, Assimilator  
  94  18:14  Assimilator  
  94  18:21  Disruptor (Chrono Boost), Observer  
  94  18:23  Zealot x2  
  101  18:34  Stalker x2  
  103  18:40  Zealot x3, Observer  
  105  18:58  Zealot  
  105  18:59  Zealot x4  
  115  19:07  Stalker  
Show
View Real Time Build Order
Export as new Build Order

BabyMarine Terran - Winner!

Build Orders:  

Get SALT Encoding   

  12  0:00  SCV  
  13  0:12  SCV  
  14  0:16  Supply Depot  
  14  0:24  SCV  
  15  0:38  SCV  
  15  0:41  Barracks  
  16  0:43  Refinery  
  16  0:50  SCV  
  16  0:53  Refinery  
  17  1:02  SCV  
  18  1:14  SCV  
  19  1:28  Orbital Command, Reaper  
  20  1:38  Supply Depot  
  20  1:42  Factory  
  20  1:55  SCV  
  20  2:01  Barracks Reactor  
  21  2:07  SCV  
  22  2:22  Command Center  
  22  2:25  SCV  
  22  2:28  Widow Mine  
  25  2:37  SCV, Marine  
  25  2:38  Marine  
  28  2:45  Supply Depot  
  28  2:49  Starport  
  27  2:52  SCV  
  27  2:55  Factory Tech Lab  
  27  2:58  Marine  
  29  3:00  Marine  
  30  3:05  SCV  
  31  3:13  Cyclone  
  31  3:16  Marine  
  31  3:18  Marine  
  36  3:26  Medivac  
  38  3:34  Marine  
  39  3:35  Marine  
  39  3:36  SCV  
  41  3:42  Barracks  
  41  3:47  Siege Tank  
  45  3:59  Marine x2  
  45  4:02  Supply Depot  
  47  4:05  Orbital Command  
  47  4:07  SCV  
  47  4:10  Starport Tech Lab  
  47  4:20  SCV  
  47  4:21  Siege Tank  
  47  4:23  Marine  
  52  4:25  Marine  
  53  4:33  Supply Depot  
  53  4:35  SCV  
  53  4:36  SCV  
  55  4:41  Starport Reactor  
  55  4:43  Stimpack  
  55  4:47  SCV, Marine  
  55  4:48  Marine  
  55  4:49  SCV  
  59  4:58  Marine  
  59  4:59  SCV  
  60  5:05  Marine  
  61  5:07  Marine  
  61  5:08  Barracks  
  61  5:11  SCV, Supply Depot  
  60  5:16  Marine  
  60  5:20  Siege Tank  
  64  5:23  Marine  
  64  5:24  SCV x2  
  64  5:25  Marine  
  68  5:34  Marine, Medivac  
  67  5:36  Engineering Bay  
  67  5:40  Marine  
  67  5:43  Marine, SCV  
  67  5:51  Marine  
  67  5:54  SCV, Refinery  
  67  5:55  Medivac  
  65  5:58  Marine  
  65  6:00  Marine  
  65  6:04  Terran Infantry Weapons Level 1  
  65  6:07  SCV  
  65  6:08  Factory Reactor  
  65  6:12  SCV  
  65  6:16  Marine  
  67  6:18  Marine  
  67  6:22  Command Center, Combat Shield  
  67  6:26  Marauder  
  67  6:28  SCV x2, Supply Depot  
  67  6:29  Marauder  
  72  6:34  Marine  
  72  6:35  Refinery  
  73  6:40  SCV x2, Supply Depot  
  73  6:41  Marine, Concussive Shells  
  76  6:47  Marauder  
  76  6:50  Marauder  
  80  6:55  Widow Mine x2  
  80  7:00  Barracks  
  84  7:01  Barracks  
  84  7:06  Marine x2  
  86  7:11  SCV  
  78  7:16  Marauder x2  
  78  7:20  SCV  
  83  7:23  Widow Mine x2  
  83  7:27  SCV  
  82  7:32  SCV  
  82  7:35  Medivac x2  
  85  7:40  Marine x2, Marauder x2  
  89  7:48  Widow Mine x2  
  91  7:55  SCV  
  92  7:58  SCV  
  92  8:01  Marauder  
  92  8:04  Marine x2  
  92  8:05  Marauder  
  90  8:07  SCV  
  90  8:10  Orbital Command, Terran Infantry Armor Level 1  
  90  8:11  Barracks Tech Lab  
  87  8:18  Barracks Reactor  
  91  8:20  Widow Mine x2, SCV  
  91  8:22  Marauder  
  91  8:24  Marine x2  
  96  8:27  Medivac  
  96  8:29  Ghost Academy  
  96  8:30  SCV  
  96  8:32  Marauder x2  
  103  8:36  SCV, Supply Depot  
  103  8:37  SCV, Bunker  
  105  8:44  Marine x2, Marauder  
  109  8:58  Marauder x2  
  109  9:01  Marine  
  109  9:02  Marine x3  
  115  9:05  Ghost  
  115  9:06  SCV x2  
  115  9:07  SCV  
  115  9:09  Refinery x2  
  122  9:11  Supply Depot x2  
  122  9:19  Ghost  
  122  9:20  Armory  
  122  9:21  Engineering Bay  
  122  9:22  Marine  
  125  9:26  Marine x2, Ghost  
  125  9:29  Viking  
  131  9:32  SCV x3  
  131  9:34  Viking  
  136  9:40  Ghost  
  136  9:46  SCV  
  135  9:59  Viking  
  131  10:00  Command Center  
  131  10:04  Marine, Viking  
  131  10:05  Marine, Marauder x2  
  139  10:10  Marauder  
  139  10:14  Terran Infantry Weapons Level 2  
  141  10:28  Marine x4  
  143  10:31  Viking  
  143  10:33  Barracks x3  
  143  10:34  Viking  
  143  10:35  Terran Infantry Armor Level 2  
  149  10:37  Supply Depot  
  149  10:41  SCV  
  148  10:49  Marine x3, Marauder  
  148  10:50  Marauder x2  
  148  10:53  SCV x2  
  148  10:56  Terran Ship Weapons Level 1  
  150  11:01  SCV  
  150  11:03  Viking  
  153  11:04  Viking  
  153  11:05  SCV  
  153  11:11  Marauder  
  158  11:13  Marine x2, Marauder x2  
  158  11:17  SCV x2  
  158  11:18  SCV  
  167  11:23  Sensor Tower  
  167  11:25  Barracks Reactor, Barracks Tech Lab  
  165  11:26  Barracks Tech Lab  
  165  11:28  Missile Turret  
  165  11:34  SCV  
  165  11:36  Marine x2  
  165  11:37  Marauder  
  153  11:44  SCV  
  139  11:47  Marine x2  
  139  11:48  Marauder x2  
  139  11:50  SCV  
  139  11:53  Marine, Marauder  
  143  11:54  Marine  
  143  11:57  SCV  
  131  12:02  Marine, Marauder  
  134  12:09  Marauder  
  134  12:13  Marine x3  
  134  12:14  Marauder  
  140  12:22  Planetary Fortress  
  140  12:25  SCV x3  
  143  12:30  Bunker  
  143  12:32  Marauder x2  
  143  12:36  Marine x2, Marauder  
  146  12:44  Marine x2, Marauder x2  
  124  12:46  SCV x2  
  124  12:50  Marine  
  124  12:51  Marine  
  124  12:53  Marauder  
  124  12:54  Marauder, Marine x2  
  124  12:55  SCV  
  124  12:58  Marauder, SCV x2  
  132  13:06  Ghost  
  132  13:07  SCV x2, Ghost  
  132  13:09  Marine  
  132  13:10  Marine x3  
  139  13:14  Widow Mine x2  
  139  13:15  Medivac  
  139  13:16  Medivac  
  139  13:18  SCV x2  
  149  13:27  Marine x3, Marauder x2  
  158  13:37  Ghost x3  
  162  13:48  Marauder  
  162  13:49  Marauder  
  162  13:53  SCV x4, Missile Turret  
  162  13:54  Terran Infantry Weapons Level 3  
  170  13:57  Marine x2  
  172  14:03  Refinery  
  172  14:05  SCV x2  
  172  14:06  Marauder x3  
  180  14:14  Marauder x2  
  184  14:26  Marine x2  
  184  14:27  Marauder  
  184  14:28  Marauder x2  
  176  14:38  Marauder x2  
  171  14:41  Viking x2, Command Center  
  171  14:54  SCV, Marauder x2, Marine x2  
  171  14:58  Marine x3, Marauder  
  171  14:59  Marauder x2  
  172  15:02  Marine  
  173  15:11  Viking x2  
  173  15:12  Marine  
  172  15:14  Refinery x2  
  172  15:15  Marine  
  172  15:16  Marauder x2  
  172  15:20  Marauder  
  179  15:25  Terran Infantry Armor Level 3  
  179  15:31  Marauder x2  
  179  15:32  Terran Ship Weapons Level 2  
  180  15:46  Viking  
  180  15:47  Viking  
  184  15:55  Marine  
  184  15:56  Marine x4, Marauder x5  
  189  16:20  Viking x2  
  193  16:28  Starport, Missile Turret  
  193  16:29  Fusion Core  
  161  16:48  Marine x3, Marauder x2  
  161  16:49  Marauder  
  161  16:50  Viking  
  161  16:51  Marine x2, Marauder x2  
  161  16:53  SCV  
  174  16:59  Command Center  
  174  17:00  SCV  
  174  17:01  Marine  
  172  17:06  Marine  
  172  17:07  Planetary Fortress  
  173  17:10  Marauder  
  173  17:15  Widow Mine x2  
  179  17:17  Advanced Ballistics  
  179  17:18  Starport Reactor  
  179  17:20  Marauder x2  
  183  17:27  Missile Turret  
  183  17:30  Marauder x2  
  183  17:31  Marauder  
  183  17:43  Marine x2  
  183  17:44  Marine, Marauder x2  
  163  17:52  Marauder  
  163  17:55  Marine x2  
  163  17:56  Marauder x2  
  163  17:58  SCV x5  
  164  18:05  Liberator x4  
  172  18:10  SCV  
  172  18:12  Refinery  
  176  18:13  Refinery  
  176  18:15  Orbital Command  
  170  18:26  Command Center  
  169  18:37  Command Center  
  168  18:48  Medivac  
  170  18:53  Medivac x2  
  174  18:59  Marauder x2  
  174  19:00  Marauder x3  
  174  19:02  Medivac  
Tags
 
Add a new tag
Caveats
  • Supply blocks, unpowered buildings, or Contaminate may cause inaccurate times.
  • Supply counts are checked every 10 seconds.